 Dungeon Crawl Stone Soup version 0.24-a0-640-ge7cd8ce796 (webtiles) character file.

Game seed: 17467827413706605546, levelgen mode: deterministic

1741 MalarOregon the Caller (level 8, 0/70 HPs)
             Began as a Red Draconian Summoner on Sept 25, 2019.
             Slain by a wight
             ... wielding a +3 flail
              (2 damage)
             ... on level 6 of the Dungeon.
             The game lasted 00:15:39 (7272 turns).

MalarOregon the Caller (Red Draconian Summoner)     Turns: 7272, Time: 00:15:39

Health: 0/70       AC:  6    Str: 16    XL:     8   Next: 77%
Magic:  7/16       EV: 13    Int: 17    God:
Gold:   74         SH:  0    Dex: 11    Spells: 16/17 levels left

rFire    + . .     SeeInvis .   t - +1 quarterstaff of the Extremes {freeze, Str+4} (curse)
rCold    . . .     Gourm    .   (shield currently unavailable)
rNeg     . . .     Faith    .   (armour unavailable)
rPois    .         Spirit   .   (helmet restricted)
rElec    .         Reflect  .   (no cloak)
rCorr    .         Harm     .   (no gloves)
MR       .....                  (no boots)
Stlth    +.........             (no amulet)
HPRegen  0.21/turn              (no ring)
MPRegen  0.15/turn              (no ring)

@: short of breath, heavily drained
A: breathe fire, unfitting armour, fire resistance 1, cold-blooded, AC +6
a: Breathe Fire


You were on level 6 of the Dungeon.
You were hungry.

You visited 1 branch of the dungeon, and saw 6 of its levels.

You collected 318 gold pieces.
You spent 244 gold pieces at shops.

Inventory:

Hand Weapons
 t - the cursed +1 quarterstaff of the Extremes (weapon) {freeze, Str+4}
   (You found it on level 4 of the Dungeon)

   It has been specially enchanted to freeze those struck by it, causing extra
   injury to most foes and up to half again as much damage against particularly
   susceptible opponents.
   It can also slow down cold-blooded creatures.
   It affects your strength (+4).
   It has a curse placed upon it.
Missiles
 r - 3 datura-tipped darts (quivered)
Jewellery
 o - an uncursed ring of resist corrosion {unknown}
   (You found it on level 4 of the Dungeon)
Scrolls
 a - 11 scrolls of identify {unknown}
 b - a scroll of enchant weapon {unknown}
 c - a scroll of immolation {unknown}
 f - 5 scrolls of remove curse {unknown}
 h - 5 scrolls of teleportation {unknown}
 m - 2 scrolls of blinking {unknown}
 n - 2 scrolls of fog {unknown}
 p - a scroll of fear {unknown}
 u - a scroll of silence {unknown}
 w - 2 scrolls of magic mapping {unknown}
 x - 2 scrolls of random uselessness {unknown}
 y - a scroll of amnesia {unknown}
Potions
 d - 3 potions of haste {unknown}
 g - 4 potions of degeneration {unknown}
 i - a potion of ambrosia {unknown}
 j - a potion of resistance {unknown}
 k - a potion of berserk rage {unknown}
 l - 2 potions of curing {@q1}
 q - a potion of agility {unknown}
 s - a potion of invisibility {unknown}
 v - 2 potions of magic {unknown}
 z - a potion of heal wounds {unknown}
Comestibles
 e - 9 rations {!d}


   Skills:
 * Level 6.0(3.8) Fighting
 * Level 5.4(3.3) Dodging
 - Level 1.7(0.0) Stealth
 * Level 5.4(3.3) Spellcasting
 * Level 6.9(4.7) Summonings


You had 16 spell levels left.
You knew the following spells:

 Your Spells              Type           Power        Failure   Level  Hunger
a - Summon Small Mammal   Summ           ###.         2%          1    None

Your spell library contained the following spells:

 Spells                   Type           Power        Failure   Level  Hunger
 Call Imp                 Summ           ###.....     3%          2    ##.....
 Call Canine Familiar     Summ           ###.....     7%          3    ###....
 Summon Guardian Golem    Hex/Summ       ##......     19%         3    ###....
 Summon Ice Beast         Ice/Summ       ##......     54%         4    ####...
 Summon Lightning Spire   Summ/Air       ##......     54%         4    ####...


Dungeon Overview and Level Annotations

Branches:
Dungeon (6/15)             Temple (0/1) D:4

Altars:
Cheibriados
Dithmenos
Okawaru
Qazlal
Ru
The Shining One

Shops:
D:4 :   D:6 **


Innate Abilities, Weirdness & Mutations

You can breathe blasts of fire.
Your fiery red scales are hard. (AC +6)
You cannot fit into any form of body armour.
Your flesh is heat resistant. (rF+)
You are cold-blooded and may be slowed by cold attacks.


Message History

The wight hits your quokka with a +5 hand axe.
Your quokka dies!
Your quokka's corpse disappears in a puff of smoke!
The wight closely misses your quokka.
The wight hits your quokka with a +5 hand axe!
Your quokka dies!
Your quokka's corpse disappears in a puff of smoke!
Your quokka bites the wight but does no damage.
The wight barely misses you.
Your quokka completely misses the wight.
Unknown command.
The wight closely misses your quokka. The wight misses your quokka.
The wight closely misses you. The wight closely misses your quokka.
Your quokka closely misses the wight.
The wight barely misses your quokka. The wight misses your quokka.
The wight hits your quokka with a +3 flail.
Your quokka dies!
Your quokka's corpse disappears in a puff of smoke!
You hit the wight. The wight hits you with a +5 hand axe.
* * * LOW HITPOINT WARNING * * *
You feel drained.
* * * LOW HITPOINT WARNING * * *
The wight barely misses your rat.
Your rat barely misses the wight.
You closely miss the wight.
You tail-slap the wight, but do no damage.
The wight completely misses you.
The wight hits your rat with a +5 hand axe.
Your rat dies!
Your rat's corpse disappears in a puff of smoke!
You hit the wight. The wight hits you with a +5 hand axe!
* * * LOW HITPOINT WARNING * * *
You feel drained.
Aim: a wight, wielding a +5 hand axe and wearing a +0 robe (almost destroyed)
You breathe a blast of fire.
The fiery breath hits the wight!
You destroy the wight!
Your base Fighting skill increases to level 6!
The fiery breath hits the wight!
The fiery breath misses the wight.
You are feeling hungry.
Unknown command.
You barely miss the wight.
Your tail-slap misses the wight.
The wight is engulfed in blazing flames.
The wight hits you with a +3 flail!
* * * LOW HITPOINT WARNING * * *
You feel drained.
* * * LOW HITPOINT WARNING * * *
The wight closely misses you. The wight hits you with a +3 flail.
* * * LOW HITPOINT WARNING * * *
You feel drained.
You die...

#..r...############..
#.#......# #...........
#.#......# #.#########.
###.#......# #<# #.
..#.#......###.# #######
#z#.#........#.# #...∩##
#.#.#......#.#.# #.##.##
######.#.#####.#..#.####.##.##
.........○.zz@>...............
######.#.#####.####.......#.#.
#.#.# #................ #.#.#
################. #####.#.#
#......... ........########
#.#....... #####.##.......#
#.#.##.... #.##.......#
#.#.##.♣.. #(##.......#
#.#.#..♣..


You could see 2 wights.

Vanquished Creatures
  Pikel (D:3)
  An ice beast (D:6)
  An ogre (D:4)
  2 centaurs
  A scorpion (D:5)
  A wight (D:6)
  A howler monkey (D:5)
  A crimson imp (D:5)
  2 hounds (D:4)
  2 centaur skeletons
  4 orc priests
  2 orc wizards (D:4)
  An iguana (D:4)
  2 worker ants
  5 adders
  A shadow imp (D:6)
  An ooze (D:5)
  An adder skeleton (D:6)
  2 worms
  A leopard gecko (D:3)
  5 orcs
  3 giant cockroaches
  8 goblins
  7 hobgoblins
  7 jackals
  2 kobolds
  2 quokkas
  2 ball pythons
  9 bats
  6 frilled lizards
  A leopard gecko skeleton (D:6)
  A leopard gecko zombie (D:5)
  4 rats
90 creatures vanquished.

Vanquished Creatures (collateral kills)
  Sigmund (D:4)
  A phantom (D:5)
  An ogre (D:5)
  A bullfrog (D:6)
  A scorpion (D:6)
  2 hounds
  An orc wizard (D:5)
  A worker ant (D:6)
  A killer bee zombie (D:6)
  Robin (D:4)
  4 adders
  2 worms (D:2)
  3 leopard geckos
  8 orcs
  A giant cockroach (D:4)
  3 hobgoblins
  2 kobolds (D:1)
  5 bats
  3 frilled lizards
  11 goblins
  3 rats
56 creatures vanquished.

Vanquished Creatures (others)
  3 slaves (D:4)
  A leopard gecko (D:5)
  An orc (D:4)
  A quokka (D:4)
6 creatures vanquished.

Grand Total: 152 creatures vanquished

Notes
Turn   | Place    | Note
-------+----------+-------------------------------------------
     0 | D:1      | MalarOregon the Draconian Summoner began the quest for the
                  | Orb.
     0 | D:1      | Reached XP level 1. HP: 14/14 MP: 3/3
   378 | D:1      | Reached XP level 2. HP: 21/22 MP: 0/5
   744 | D:1      | Reached skill level 1 in Fighting
  1158 | D:2      | Reached XP level 3. HP: 25/28 MP: 1/6
  1740 | D:3      | Found an iron altar of Okawaru.
  1740 | D:3      | Found a stormy altar of Qazlal.
  1745 | D:3      | Found a glowing golden altar of the Shining One.
  1748 | D:3      | Found a shadowy altar of Dithmenos.
  1749 | D:3      | Found a snail-covered altar of Cheibriados.
  2209 | D:2      | Reached XP level 4. HP: 30/36 MP: 2/7
  2889 | D:3      | Reached XP level 5. HP: 34/42 MP: 5/9
  3005 | D:4      | Found a staircase to the Ecumenical Temple.
  3088 | D:4      | Got a bloodstained quarterstaff
  3089 | D:4      | Identified the cursed +1 quarterstaff of the Extremes
                  | {freeze, Str+4} (You found it on level 4 of the Dungeon)
  3125 | D:4      | Noticed a slave
  3126 | D:4      | Noticed Pikel
  3126 | D:4      | Noticed a slave
  3145 | D:4      | Noticed a slave
  3146 | D:4      | Noticed a slave
  3152 | D:4      | Noticed Sigmund
  4046 | D:3      | Killed Pikel
  4046 | D:3      | Reached skill level 5 in Summonings
  4046 | D:3      | Reached XP level 6. HP: 17/52 MP: 0/11
  4046 | D:3      | Your scales start taking on a fiery red colour.
  4046 | D:3      | Reached XP level 7. HP: 19/58 MP: 0/12
  4046 | D:3      | Gained mutation: Your flesh is heat resistant. (rF+) [Red
                  | Draconian growth]
  4897 | D:4      | Found Feineeh's Book Shop.
  4981 | D:4      | Found a sacrificial altar of Ru.
  5015 | D:4      | Noticed Robin
  5022 | D:4      | Killed Robin
  5283 | D:4      | Killed Sigmund
  5523 | D:5      | Entered Level 5 of the Dungeon
  5565 | D:5      | Reached XP level 8. HP: 65/67 MP: 14/14
  5582 | D:5      | Reached skill level 5 in Fighting
  6079 | D:5      | Reached skill level 5 in Spellcasting
  6272 | D:5      | Reached skill level 5 in Dodging
  6725 | D:6      | Found Hoirghamn's Assorted Antiques.
  6733 | D:6      | Bought a scroll labeled ZOOHAUFUUM for 28 gold pieces
  6733 | D:6      | Bought a scroll labeled REVEYWN TAWN for 28 gold pieces
  6733 | D:6      | Bought a scroll labeled FAMEOLICSI for 28 gold pieces
  6733 | D:6      | Bought a scroll labeled HEOMIGR INIT for 28 gold pieces
  7022 | D:6      | Found a snail-covered altar of Cheibriados.
  7189 | D:6      | Found Zuco's Assorted Antiques.
  7195 | D:6      | Bought a glowing green potion for 20 gold pieces
  7195 | D:6      | Bought a scroll labeled HEOMIGR INIT for 23 gold pieces
  7195 | D:6      | Bought a purple potion for 20 gold pieces
  7195 | D:6      | Bought a scroll labeled ZOOHAUFUUM for 23 gold pieces
  7195 | D:6      | Bought a scroll labeled DEISKE WETONAD for 23 gold pieces
  7195 | D:6      | Bought a scroll labeled HEOMIGR INIT for 23 gold pieces
  7272 | D:6      | HP: 2/70 [wight/+3 flail (5)]
  7272 | D:6      | Slain by a wight

Levels and vault maps discovered:
D:1:      dpeg_arrival_simpleton_c, layout_basic
D:2:      layout_rooms
D:3:      layout_basic, chequers_temple_overflow_minitemple, dk_vineyard_3,
          hex_medium
D:4:      layout_gridville, marbit_many_paths, minmay_temple_entry_wispy,
          serial_shops, nicolae_shop_behind_doors, first_ration, uniq_sigmund,
          uniq_pikel, uniq_robin
D:5:      layout_cave_pods, hangedman_decor_lopped
D:6:      layout_basic, serial_shops, shop_fountains, shop, shop,
          kb_lookout_dungeons_type, chequers_mini_garden, chei_slow_surprise

Skill      XL: |  1  2  3  4  5  6  7  8 |
---------------+-------------------------+-----
Dodging        | 2 3 4 5 |  5.4
Fighting       | 1 2 3 4 6 |  6.0
Spellcasting   | 3 4 5 |  5.4
Summonings     | 5 6 |  6.9
Stealth        | |  1.7

Action                   |  1- 3 |  4- 6 |  7- 9 || total
-------------------------+-------+-------+-------++-------
Melee: Unarmed           |   131 |       |       ||   131
       Tailslap          |    17 |     9 |    20 ||    46
       Short sword       |    60 |    67 |       ||   127
       Quarterstaff      |       |    22 |   182 ||   204
Throw: Dart              |       |       |     6 ||     6
 Cast: Summon Small Mamm |    56 |    63 |    69 ||   188
 Abil: Breathe Fire      |       |       |     3 ||     3
 Stab: Sleeping          |     3 |     2 |     2 ||     7
       Distracted        |       |     1 |     3 ||     4
  Eat: Chunk             |     5 |     4 |     9 ||    18
       Ration            |       |       |     1 ||     1
Armor: Skin              |    91 |    35 |    74 ||   200
Dodge: Dodged            |   170 |    92 |   189 ||   451

Table legend:
 A = Non-vault XP
 B = Vault XP
 C = Vault XP percentage of total XP
 D = Non-vault monster count
 E = Vault monster count
 F = Vault count percentage of total count
                 A         B        C        D         E       F
            +---------+---------+-------+---------+---------+-------
      Total |    1627 |     861 |  34.6 |     128 |      18 |  12.3
            +---------+---------+-------+---------+---------+-------
        D:1 |      29 |       0 |   0.0 |      24 |       0 |   0.0
        D:2 |      47 |       0 |   0.0 |      25 |       0 |   0.0
        D:3 |     172 |     509 |  74.7 |      27 |       3 |  10.0
        D:4 |     432 |     235 |  35.2 |      22 |      13 |  37.1
        D:5 |     520 |       0 |   0.0 |      17 |       0 |   0.0
        D:6 |     427 |     117 |  21.5 |      13 |       2 |  13.3
            +---------+---------+-------+---------+---------+-------
